 Dungeon Crawl Stone Soup version 0.19.0-2-gae57169 (webtiles) character file.

8473 JeffiDaFish the Basher (level 11, 0/69 HPs)
             Began as a Gargoyle Fighter on Nov 6, 2016.
             Was a Believer of Makhleb.
             Slain by Sonja
             ... wielding a +2 short sword of distortion
              (16 damage)
             ... on level 2 of the Lair of Beasts.
             The game lasted 00:24:40 (8683 turns).

JeffiDaFish the Basher (Gargoyle Fighter)           Turns: 8683, Time: 00:24:40

Health: 0/69       AC: 36    Str: 26    XL:     11   Next: 31%
Magic:  12/13      EV:  8    Int: 10    God:    Makhleb [**....]
Gold:   521        SH:  0    Dex:  9    Spells: 1 memorised, 8 levels left

rFire  . . .     SeeInvis .     m - +3 dire flail (protect)
rCold  . . .     Gourm    .     i - +0 plate armour
rNeg   + . .     Faith    .     (shield currently unavailable)
rPois  ∞         Spirit   .     (no helmet)
rElec  +         Reflect  .     (no cloak)
rCorr  .         Harm     .     v - +2 pair of gloves
MR     .....                    (no boots)
Stlth  ..........               (no amulet)
                                q - +5 ring of protection
                                l - +4 ring of strength

@: about to teleport, protection aura, drained
A: negative energy resistance 1, electricity resistance, unbreathing,
petrification resistance, rot immunity, AC +7
a: Minor Destruction, Renounce Religion


You were on level 2 of the Lair of Beasts.
You worshipped Makhleb.
Makhleb was pleased with you.
You were not hungry.

You visited 3 branches of the dungeon, and saw 11 of its levels.

You collected 521 gold pieces.

Inventory:

Hand Weapons
 a - a +1 vampiric flail
 m - a +3 dire flail of protection (weapon)
Armour
 c - a +0 shield
 i - a +0 plate armour (worn)
 v - a +2 pair of gloves (worn)
Jewellery
 l - a +4 ring of strength (left hand)
 q - a +5 ring of protection (right hand)
 s - an uncursed ring of protection from magic
 u - an uncursed ring of positive energy
Scrolls
 e - 3 scrolls of identify
 j - 9 scrolls of remove curse
 k - 3 scrolls of amnesia
 n - 3 scrolls of teleportation
 o - a scroll of fog
Potions
 d - a potion of agility
 p - a potion of resistance
 w - a potion of mutation {unknown}
 A - a potion of magic
 B - a potion of ambrosia
Books
 y - a book of Power

   Spells                             Type                      Level
   a - Fulminant Prism                Conjuration/Hexes            4
   b - Iskenderun's Mystic Blast      Conjuration                  4
   c - Venom Bolt                     Conjuration/Poison           5
   d - Bolt of Magma                  Conjuration/Fire/Earth       5
   e - Iron Shot                      Conjuration/Earth            6
   f - Orb of Destruction             Conjuration                  7
   g - Spellforged Servitor           Conjuration/Summoning        7
Comestibles
 f - 4 bread rations
 g - 3 fruits
 h - 8 beef jerkies
 r - 5 meat rations
 t - 8 slices of pizza


   Skills:
 * Level 8.3(8.0) Fighting
 * Level 11.5(11.3) Maces & Flails
 * Level 9.4(9.2) Armour
 - Level 1.7(1.4) Dodging
 - Level 1.7(1.5) Stealth
 * Level 7.5(7.2) Shields
 + Level 1.3(1.1) Spellcasting
 + Level 1.4(1.2) Conjurations


You had 8 spell levels left.
You knew the following spells:

 Your Spells              Type           Power        Failure   Level  Hunger
a - Fulminant Prism       Conj/Hex       #.........   100%        4    #####..


Dungeon Overview and Level Annotations

Branches:
Dungeon (8/15)             Temple (1/1) D:5            Lair (2/6) D:8
  Swamp: Lair:2-4    Shoals: Lair:2-4     Snake: Lair:2-4    Spider: Lair:2-4

Altars:
Ashenzari
Cheibriados
Gozag
Hepliaklqana
Kikubaaqudgha
Makhleb
Nemelex Xobeh
Okawaru
Qazlal
Ru
Sif Muna
Trog
Uskayaw
Xom
Zin
The Shining One

Shops:
D:4 =   D:5 !   D:8 :

Annotations:
Lair:2 Nergalle, Sonja


Innate Abilities, Weirdness & Mutations

You are resistant to torment.
Your stone body is resilient. (AC +7)
You are immune to poison.
You resist negative energy. (rN+)
You are resistant to electric shocks. (rElec)
You can survive without breathing.
You are immune to petrification.
You are immune to rotting.


Message History

Its appearance distorts for a moment.
Sonja hits you but does no damage. Space warps horribly around you!
Sonja hits you but does no damage. Space warps horribly around you!
* * * LOW HITPOINT WARNING * * *
Sonja barely misses you. The spectral orc barely misses you.
The spectral orc knight hits you but does no damage.
The spectral orc warlord hits you but does no damage.
You miss Sonja. Nergalle hits you but does no damage.
The spectral orc hits you but does no damage.
Sonja hits you but does no damage. Space bends around you.
* * * LOW HITPOINT WARNING * * *
Sonja hits you but does no damage. Space warps horribly around you!
* * * LOW HITPOINT WARNING * * *
Sonja hits you but does no damage.
You feel strangely unstable.
The spectral orc knight hits you but does no damage.
Nergalle casts a spell at you.
Orcish apparitions take form around you.
You feel better. The spectral orc barely misses you.
Sonja hits you but does no damage. Space warps horribly around you!
You die...

#.........##..
#.................#.##
###..................#..
.[#.....<.......#......#
......................
....................P .
#..................# ..
........PP.#...o#.Z#.#..
#.#.......###..Z@ZZ....P
)..............ZZK###..#
.##.....#.#..##.### .
##..#.######.##
.......... ##
.####....... # ######P.#
###


You could see Nergalle, 2 spectral orcs, 2 spectral orc warriors, a spectral orc
knight, a spectral orc warlord and Sonja.

Vanquished Creatures
  Gastronok (Lair:2)
  A hydra (Lair:1)
  Pikel (D:8)
  A spiny frog (Lair:2)
  A rime drake (Lair:2)
  The ghost of muddybuddy the Magician, a novice OpFE (D:4)
  A troll (D:8)
  A two-headed ogre (D:8)
  A hornet (D:8)
  A hippogriff (D:8)
  Sigmund (D:5)
  2 yaks (D:8)
  2 hogs (D:8)
  Eustachio (D:5)
  A basilisk (Lair:1)
  A human (D:8)
  A steam dragon (D:8)
  Edmund (D:5)
  2 water moccasins
  4 porcupines (Lair:1)
  An ice beast (D:7)
  2 slaves (D:8)
  A black bear (D:5)
  A phantom (D:7)
  An ogre (D:6)
  2 wolves (D:8)
  2 crocodiles
  Blork the orc (D:5)
  5 bullfrogs
  A water moccasin skeleton (D:5)
  2 scorpions
  A howler monkey (D:5)
  4 crimson imps
  A bullfrog zombie (D:5)
  An orc priest (D:3)
  7 hounds
  2 jellies
  A centaur skeleton (D:7)
  2 orc wizards
  A bullfrog skeleton (D:8)
  An iguana (D:4)
  5 worker ants
  A hound zombie (D:5)
  A hound skeleton (D:4)
  5 gnolls
  4 adders
  2 oozes
  An adder skeleton (D:8)
  An adder zombie (D:6)
  5 worms
  A dart slug (D:3)
  7 leopard geckos
  12 orcs
  7 giant cockroaches
  7 hobgoblins
  2 jackals (D:6)
  7 kobolds
  3 quokkas
  6 bats
  5 frilled lizards
  10 goblins
  A leopard gecko zombie (D:5)
  A quokka skeleton (D:7)
  A quokka zombie (D:7)
  6 rats
167 creatures vanquished.

Vanquished Creatures (others)
  A slave (D:8)
  An orc wizard (D:8)
  A worker ant zombie (D:8)
  An orc (D:8)
4 creatures vanquished.

Grand Total: 171 creatures vanquished

Notes
Turn   | Place    | Note
-------+----------+-------------------------------------------
     0 | D:1      | JeffiDaFish the Gargoyle Fighter began the quest for the Orb.
     0 | D:1      | Reached XP level 1. HP: 14/14 MP: 1/1
    52 | D:1      | Reached XP level 2. HP: 19/19 MP: 2/2
   616 | D:1      | Reached XP level 3. HP: 22/23 MP: 3/3
  1059 | D:2      | Reached XP level 4. HP: 19/28 MP: 4/4
  1283 | D:2      | Reached skill level 3 in Maces & Flails
  1603 | D:2      | Found a sacrificial altar of Ru.
  1786 | D:3      | You fall through a shaft!
  1809 | D:4      | Noticed muddybuddy's ghost (novice OpFE)
  1821 | D:4      | Killed muddybuddy's ghost
  1821 | D:4      | Reached skill level 4 in Maces & Flails
  1821 | D:4      | Reached skill level 1 in Dodging
  1821 | D:4      | Reached XP level 5. HP: 12/33 MP: 5/5
  1821 | D:4      | Reached XP level 6. HP: 13/38 MP: 6/6
  2679 | D:4      | Found Jokket's Jewellery Emporium.
  2931 | D:4      | Reached XP level 7. HP: 42/43 MP: 7/7
  2951 | D:4      | Reached skill level 5 in Shields
  3373 | D:5      | Entered Level 5 of the Dungeon
  3374 | D:5      | Found Zeufuj's Distillery.
  3405 | D:5      | Noticed Blork the orc
  3416 | D:5      | Noticed Eustachio
  3424 | D:5      | Killed Blork the orc
  3424 | D:5      | Reached skill level 5 in Maces & Flails
  3445 | D:5      | Killed Eustachio
  3445 | D:5      | Reached skill level 5 in Armour
  3729 | D:5      | Noticed Sigmund
  3765 | D:5      | Killed Sigmund
  3765 | D:5      | Reached XP level 8. HP: 21/48 MP: 8/8
  3798 | D:5      | Reached skill level 5 in Fighting
  4096 | D:5      | Found a shattered altar of Ashenzari.
  4255 | D:5      | Found a staircase to the Ecumenical Temple.
  4257 | D:5      | Got a warped trident
  4258 | D:5      | Identified the +2 trident of Shame {flame, rPois MP+9 Int-4} (You found it on level 5 of the Dungeon)
  4299 | Temple   | Entered the Ecumenical Temple
  4346 | Temple   | Became a worshipper of Makhleb the Destroyer
  4554 | D:5      | Noticed Edmund
  4579 | D:5      | Killed Edmund
  4696 | D:6      | Reached skill level 6 in Maces & Flails
  5169 | D:6      | Found a hide-covered altar of Uskayaw.
  5482 | D:6      | Found a glowing silver altar of Zin.
  5875 | D:7      | Reached XP level 9. HP: 50/54 MP: 9/9
  5883 | D:7      | Reached skill level 7 in Maces & Flails
  6087 | D:7      | Found a glowing golden altar of the Shining One.
  6139 | D:7      | Found a hazy altar of Hepliaklqana.
  6140 | D:7      | Found a shimmering altar of Xom.
  6141 | D:7      | Noticed a spectral ugly thing
  6172 | D:7      | Reached * piety under Makhleb
  6207 | D:7      | Reached skill level 1 in Stealth
  6347 | D:7      | Found a deep blue altar of Sif Muna.
  6347 | D:7      | Found a faded altar of an unknown god.
  6352 | D:7      | Found a sacrificial altar of Ru.
  6354 | D:7      | Found an ancient bone altar of Kikubaaqudgha.
  6355 | D:7      | Found a glowing golden altar of the Shining One.
  6825 | D:8      | Found Taakom's Book Boutique.
  6847 | D:8      | Found an iron altar of Okawaru.
  6890 | D:8      | Reached skill level 8 in Maces & Flails
  7069 | D:8      | Noticed Pikel
  7092 | D:8      | Killed Pikel
  7092 | D:8      | Reached skill level 9 in Maces & Flails
  7159 | D:8      | Reached XP level 10. HP: 60/60 MP: 10/10
  7218 | D:8      | Reached skill level 10 in Maces & Flails
  7241 | D:8      | Found a staircase to the Lair.
  7285 | D:8      | Reached ** piety under Makhleb
  7623 | D:8      | Found an opulent altar of Gozag.
  7631 | D:8      | Found a sparkling altar of Nemelex Xobeh.
  8000 | Lair:1   | Entered Level 1 of the Lair of Beasts
  8580 | Lair:1   | Noticed a six-headed hydra
  8588 | Lair:1   | Killed a six-headed hydra
  8588 | Lair:1   | Reached skill level 11 in Maces & Flails
  8613 | Lair:2   | Noticed a spiny frog
  8617 | Lair:2   | Killed a spiny frog
  8617 | Lair:2   | Reached XP level 11. HP: 65/68 MP: 11/11
  8625 | Lair:2   | Learned a level 4 spell: Fulminant Prism
  8645 | Lair:2   | Noticed Gastronok
  8648 | Lair:2   | Noticed Sonja
  8657 | Lair:2   | Noticed Nergalle
  8669 | Lair:2   | Killed Gastronok
  8669 | Lair:2   | Reached skill level 1 in Spellcasting
  8669 | Lair:2   | Reached skill level 1 in Conjurations
  8670 | Lair:2   | Noticed a spectral orc warlord
  8683 | Lair:2   | Slain by Sonja

Skill      XL: |  1  2  3  4  5  6  7  8  9 10 11 |
---------------+----------------------------------+-----
Maces & Flails | 4 5 6 9 11 | 11.5
Shields        | 4 6 7 |  7.5
Fighting       | 4 5 6 7 8 |  8.3
Armour         | 4 5 6 7 9 |  9.4
Dodging        | 1 |  1.7
Stealth        | 1 |  1.7
Spellcasting   | 1 |  1.3
Conjurations   | 1 |  1.4

Action                   |  1- 3 |  4- 6 |  7- 9 | 10-12 || total
-------------------------+-------+-------+-------+-------++-------
Melee: Flail             |   118 |   159 |   205 |       ||   482
       Dire flail        |       |       |   192 |   258 ||   450
  Use: Scroll            |     6 |     3 |     6 |     2 ||    17
       Potion            |     2 |     3 |     8 |     2 ||    15
  Eat: Chunk             |     1 |     6 |    10 |     5 ||    22
       Bread ration      |       |       |     1 |       ||     1
Armor: Scale mail        |    70 |    28 |       |       ||    98
       Plate armour      |       |    42 |   423 |   248 ||   713
Dodge: Dodged            |    46 |    33 |   144 |   111 ||   334
Block: Shield            |    61 |    80 |   187 |       ||   328
